 Dungeon Crawl Stone Soup version 0.28.0-53-g5a82cb258f (webtiles) character file.

Game seed: 83932671667532327

39158 Revguard the Torchbearer (level 13, -5/90 HPs)
             Began as a Demonspawn Fighter on July 28, 2022.
             Was a Believer of Yredelemnul.
             Slain by a white ugly thing (14 damage)
             ... on level 14 of the Dungeon.
             The game lasted 00:56:05 (15602 turns).

Revguard the Torchbearer (Demonspawn Fighter)      Turns: 15602, Time: 00:56:06

Health: -5/90      AC:  9    Str: 20    XL:     13   Next: 67%
Magic:  0/21       EV: 14    Int: 15    God:    Yredelemnul [**....]
Gold:   9          SH:  6    Dex: 17    Spells: 12/12 levels left

rFire   + + .      SeeInvis +   v - +5 long sword (freeze)
rCold   . . .      Faith    .   c - +0 buckler
rNeg    . . .      Spirit   +   g - +2 scale mail {Will+}
rPois   .          Reflect  .   k - +0 helmet
rElec   .          Harm     .   s - scarf {repulsion}
rCorr   +          Rampage  .   (no gloves)
Will    ++...                   f - +0 pair of boots
Stlth   +.........              d - amulet of regeneration
HPRegen 1.05/turn               o - ring of protection from fire
MPRegen 0.34/turn               q - ring of Mistrust {rF+ rCorr Int+6 SInv}

@: mighty, corroded, hasted, studying Slings, repel missiles, very quick
A: hooves 1, thin skeletal structure 1, demonic guardian 1, magic shield, magic
regeneration, frail 1, strong-willed 1
a: Renounce Religion, Recall Undead Harvest, Dark Bargain


You were on level 14 of the Dungeon.
You worshipped Yredelemnul.
Yredelemnul was aware of your devotion.
You visited 2 branches of the dungeon, and saw 16 of its levels.

You collected 1036 gold pieces.
You spent 1027 gold pieces at shops.

Inventory:

Hand Weapons
 v - a +5 long sword of freezing (weapon)
Armour
 c - a +0 buckler (worn)
 f - a +0 pair of boots (worn)
 g - a +2 scale mail of willpower (worn)
 k - a +0 helmet (worn)
 s - a scarf of repulsion (worn)
 t - a scarf of harm
Jewellery
 d - an amulet of regeneration (around neck)
 h - an amulet of the acrobat
 l - a +6 ring of strength
 m - a ring of ice
 n - a ring of poison resistance
 o - a ring of protection from fire (left hand)
 q - the ring of Mistrust (right hand) {rF+ rCorr Int+6 SInv}
   (You bought it in a shop on level 14 of the Dungeon)

   [ring of resist corrosion]

   Int:       It affects your intelligence (+6).
   rF:        It protects you from fire.
   SInv:      It lets you see invisible.
   rCorr:     It protects you from acid and corrosion.
 w - a ring of fire
 B - a ring of see invisible
Wands
 e - a wand of charming (1)
Scrolls
 b - 4 scrolls of identify
 i - 5 scrolls of teleportation
 x - a scroll of silence
 y - 2 scrolls of vulnerability
 z - 3 scrolls of enchant weapon
Potions
 a - a potion of might
 j - 2 potions of magic
 p - 2 potions of flight
 r - a potion of curing


   Skills:
 + Level 9.5 Fighting
 * Level 10.4 Long Blades
 + Level 8.6 Armour
 + Level 8.0 Dodging
 + Level 8.5 Shields
 + Level 11.3 Invocations
 + Level 8.8 Evocations


You had 12 spell levels left.
You didn't know any spells.
Your spell library contained the following spells:

 Spells                   Type           Power      Damage    Failure   Level
 Apportation              Tloc           0%         N/A       63%         1
 Freeze                   Ice            0%         1d3       63%         1
 Ensorcelled Hibernation  Hex/Ice        0%         N/A       77%         2
 Sublimation of Blood     Necr           0%         N/A       77%         2
 Frozen Ramparts          Ice            0%         1d2       94%         3
 Ignite Poison            Fire/Tmut/Pois 0%         N/A       94%         3
 Mephitic Cloud           Conj/Pois/Air  0%         N/A       94%         3
 Spider Form              Tmut/Pois      0%         N/A       94%         3
 Stone Arrow              Conj/Erth      0%         3d7       94%         3
 Anguish                  Hex/Necr       0%         N/A       100%        4
 Animate Armour           Summ/Erth      0%         N/A       100%        4
 Hailstorm                Conj/Ice       0%         3d3       100%        4
 Petrify                  Tmut/Erth      0%         N/A       100%        4
 Alistair's Intoxication  Tmut/Pois      0%         N/A       100%        5
 Freezing Cloud           Conj/Ice/Air   0%         6-21      100%        5
 Irradiate                Conj/Tmut      0%         3d13      100%        5
 Lehudib's Crystal Spear  Conj/Erth      0%         10d2      100%        8


Dungeon Overview and Level Annotations

Branches:
Dungeon (15/15)            Temple (1/1) D:6            Lair (0/6) D:11
    Orc (0/2) D:9          Depths (0/4) D:15
 Vaults: D:13-14

Altars:
Ashenzari
Cheibriados
Dithmenos
Elyvilon
Fedhas
Gozag
Hepliaklqana
Kikubaaqudgha
Makhleb
Nemelex Xobeh
Okawaru
Qazlal
Ru
Sif Muna
Trog
Uskayaw
Vehumet
Wu Jian
Xom
Yredelemnul
Zin
The Shining One

Shops:
D:2 !   D:7 [   D:11 :   D:14 =

Annotations:
D:9 2 transporters


Innate Abilities, Weirdness & Mutations

You have large cloven feet.
You have a somewhat thin skeletal structure. (Dex +2, Stealth+)
A weak demonic guardian rushes to your aid.
When hurt, damage is shared between your health and your magic reserves.
You regenerate magic rapidly.
You are frail. (-10% HP)
You are strong-willed. (Will+)


Message History

Your vampire mosquito zombie closely misses the brown ugly thing.
You feel yourself speed up.
The brown ugly thing misses your vampire mosquito zombie.
Your vampire mosquito zombie misses the brown ugly thing.
The white ugly thing punches you! The white ugly thing freezes you!!
The brown ugly thing basks in the mutagenic energy from its kin and changes!
You completely miss the brown ugly thing.
The brown ugly thing is heavily wounded.
Your vampire mosquito zombie bites the brown ugly thing.
You block the brown ugly thing's attack.
The white ugly thing barely misses your vampire mosquito zombie.
You closely miss the brown ugly thing.
The brown ugly thing is severely wounded.
Your vampire mosquito zombie bites the brown ugly thing!
The green ugly thing tail-slaps you!
You are poisoned.
The green ugly thing poisons you!
The brown ugly thing closely misses your vampire mosquito zombie.
You slash the brown ugly thing! You freeze the brown ugly thing.
The brown ugly thing is almost dead.
You feel very sick.
Your vampire mosquito zombie bites the brown ugly thing!
The brown ugly thing dies!
A black mist starts to gather...
The white ugly thing punches you. The white ugly thing freezes you!!
* * * LOW HITPOINT WARNING * * *
A demonic guardian appears!
The green ugly thing engulfs you but does no damage.
You can now trade souls for undead servants.
You feel better.
Your vampire mosquito zombie bites the white ugly thing.
The green ugly thing closely misses you.
Your ufetubus barely misses the white ugly thing.
Your ufetubus hits the white ugly thing but does no damage.
Your vampire mosquito zombie bites the white ugly thing but does no damage.
You swap places.
The white ugly thing punches you!
* * * LOW HITPOINT WARNING * * *
The white ugly thing freezes you!
You die...
Your body rises from the dead as a mindless zombie.

##.. ....
#.........# ...
#+#.........# ...
............# #
............# #
............# #
.........Z..##### #
......uuu........ #
.....uuZ@5....... #
#..########..##### #
#..#....[.#..#
###+###..#......#..#
..[......#......#..#
.........#......#..#
.........#..#####..#
.........##Z#..Z...#
.........).........#


You could see 5 ugly things, a friendly ufetubus (summoned), a friendly vampire
mosquito zombie and a friendly ugly thing zombie.

Vanquished Creatures
  2 boulder beetles
  A catoblepas (D:15)
  A hydra (D:11)
  A two-headed ogre (D:12)
  4 centaur warriors
  A tengu warrior (D:13)
  An orc knight (D:15)
  A deep elf pyromancer (D:12)
  A necromancer (D:15)
  3 cyclopes
  3 manticores
  2 ugly things (D:15)
  The ghost of pista233 the Ruffian, a novice TrHu (D:3)
  3 centaur zombies
  A gargoyle (D:12)
  3 kobold demonologists
  A yaktaur (D:12)
  3 trolls (D:12)
  6 slime creatures
  The ghost of duchin the Insei, an amateur OpAE (D:3)
  13 yaks
  3 wraiths (D:12)
  The ghost of Infernotoast the Chopper, an amateur MiBe of Trog (D:3)
  2 wyverns
  2 basilisks
  A vampire (D:13)
  7 vampire mosquitoes
  The ghost of hitsuchi the Chopper, an amateur TeBe of Trog (D:3)
  An acid dragon (D:12)
  A water moccasin (D:7)
  6 orc warriors
  A black bear (D:6)
  2 sky beasts
  2 ice beasts
  2 ogres
  2 vampire mosquito zombies (D:11)
  11 centaurs
  2 bullfrogs
  3 kobold brigands
  A gnoll sergeant (D:9)
  A wyvern zombie (D:8)
  3 scorpions (D:5)
  The ghost of crompyre the Cudgeller, a weakling NaBe of Trog (D:3)
  9 killer bees
  8 wights
  2 electric eels (D:9)
  4 howler monkeys
  A hound (D:6)
  4 jellies
  6 orc priests
  2 centaur skeletons
  A scorpion zombie (D:5)
  Ijyb (D:5)
  4 iguanas
  10 orc wizards
  8 gnolls
  12 adders
  A white imp (D:5)
  A worm (D:3)
  2 dart slugs
  32 orcs
  4 endoplasms (D:2)
  A giant cockroach (D:1)
  5 goblins
  9 hobgoblins
  7 jackals
  2 quokkas (D:1)
  4 ball pythons
  4 bats
  2 frilled lizards (D:3)
  22 kobolds
  3 rats
280 creatures vanquished.

Vanquished Creatures (collateral kills)
  A fire giant (D:15)
  Josephine (D:12)
  A boulder beetle (D:15)
  A centaur warrior (D:12)
  3 hydras
  2 death knights (D:12)
  2 two-headed ogres (D:12)
  A sea snake (shapeshifter) (D:12)
  A wizard (D:15)
  2 deep elf pyromancers
  A wolf spider (D:15)
  4 ugly things
  2 cyclopes
  2 naga magi (D:15)
  A centaur skeleton (D:15)
  3 wraiths
  2 yaks
  A basilisk (D:15)
  5 vampire mosquitoes
  2 wargs (D:15)
  An acid dragon (D:7)
  2 orc warriors
  2 centaurs (D:14)
  5 killer bees
  3 centaur zombies
  6 orcs
57 creatures vanquished.

Vanquished Creatures (others)
  A spectral human (D:15)
  A spectral slime creature (D:15)
  A sea snake zombie (D:12)
  A hydra zombie (D:12)
  2 human zombies (D:12)
  A two-headed ogre zombie (D:12)
  An elf zombie (D:12)
  A manticore zombie (D:14)
  2 centaurs (D:14)
  2 vampire mosquito zombies
  2 cyclops zombies
  A warg zombie (D:15)
  A troll zombie (D:12)
  4 yak zombies (D:12)
  A bullfrog zombie (D:7)
  A basilisk zombie (D:13)
  7 centaur zombies
  An orc wizard (D:9)
  An ogre zombie (D:7)
  An adder zombie (D:6)
  A gnoll zombie (D:9)
  8 kobold zombies
  10 orc zombies
52 creatures vanquished.

Grand Total: 389 creatures vanquished

Notes
Turn   | Place    | Note
-------+----------+-------------------------------------------
     0 | D:1      | Revguard the Demonspawn Fighter began the quest for the
                  | Orb.
     0 | D:1      | Reached XP level 1. HP: 18/18 MP: 1/1
   434 | D:1      | Gained mutation: You have a somewhat thin skeletal
                  | structure. (Dex +2, Stealth+) [demonic ancestry]
   434 | D:1      | Reached XP level 2. HP: 20/24 MP: 2/2
  1045 | D:2      | Found a faded altar of an unknown god.
  1120 | D:2      | Reached skill level 1 in Invocations
  1403 | D:2      | Reached XP level 3. HP: 25/29 MP: 3/3
  1910 | D:2      | Found Gyownih's Distillery.
  1915 | D:2      | Bought a potion of heal wounds for 70 gold pieces
  2024 | D:3      | Reached skill level 1 in Evocations
  2348 | D:3      | Reached XP level 4. HP: 35/35 MP: 5/5
  2396 | D:3      | Found a runed translucent gate.
  2396 | D:3      | Found a runed translucent gate.
  2396 | D:3      | Noticed pista233's ghost (novice TrHu)
  2396 | D:3      | Noticed Infernotoast's ghost (amateur MiBe)
  2397 | D:3      | Found a runed translucent gate.
  2397 | D:3      | Noticed crompyre's ghost (weakling NaBe)
  2397 | D:3      | Noticed duchin's ghost (amateur OpAE)
  2397 | D:3      | Noticed hitsuchi's ghost (amateur TeBe)
  2722 | D:4      | Identified the +2 rapier of Grontol {vorpal, rPois rF+}
  2755 | D:4      | Reached skill level 1 in Dodging
  3151 | D:4      | Reached skill level 2 in Invocations
  3308 | D:4      | Found a shimmering altar of Xom.
  3589 | D:5      | Entered Level 5 of the Dungeon
  3599 | D:5      | Gained mutation: You regenerate magic rapidly. [demonic
                  | ancestry]
  3599 | D:5      | Reached XP level 5. HP: 30/41 MP: 6/6
  4024 | D:5      | Gained mutation: Your flesh is cold resistant. (rC+)
                  | [potion of mutation]
  4024 | D:5      | Gained mutation: You have large cloven feet. [potion of
                  | mutation]
  4025 | D:5      | Lost mutation: Your flesh is cold resistant. (rC+) [potion
                  | of mutation]
  4025 | D:5      | Lost mutation: You have large cloven feet. [potion of
                  | mutation]
  4025 | D:5      | Gained mutation: You are frail. (-10% HP) [potion of
                  | mutation]
  4025 | D:5      | Gained mutation: You are strong-willed. (Will+) [potion of
                  | mutation]
  4025 | D:5      | Gained mutation: You are weak. (Str -2) [potion of
                  | mutation]
  4025 | D:5      | Lost mutation: You are weak. (Str -2) [potion of mutation]
  4027 | D:5      | Noticed Ijyb
  4044 | D:5      | Killed Ijyb
  4045 | D:5      | Reached XP level 6. HP: 14/43 MP: 8/8
  4280 | D:5      | Noticed an ice beast
  4304 | D:5      | Killed an ice beast
  4305 | D:5      | Reached skill level 3 in Invocations
  4403 | D:5      | Found a bloodstained altar of Trog.
  4539 | D:5      | Gained mutation: When hurt, damage is shared between your
                  | health and your magic reserves. [demonic ancestry]
  4539 | D:5      | Reached XP level 7. HP: 45/48 MP: 9/9
  5050 | D:6      | Noticed a yak
  5051 | D:6      | Noticed a yak
  5056 | D:6      | Noticed a yak
  5063 | D:6      | Killed a yak
  5064 | D:6      | Reached skill level 4 in Invocations
  5067 | D:6      | Killed a yak
  5068 | D:6      | Reached XP level 8. HP: 20/54 MP: 5/11
  5309 | D:6      | Found a staircase to the Ecumenical Temple.
  5425 | Temple   | Entered the Ecumenical Temple
  5637 | Temple   | Became a worshipper of Yredelemnul the Dark
  6013 | D:6      | Reached * piety under Yredelemnul
  6150 | D:6      | Reached ** piety under Yredelemnul
  6406 | D:6      | Reached skill level 5 in Fighting
  6406 | D:6      | Reached skill level 5 in Invocations
  6679 | D:6      | Gained mutation: You have large cloven feet. [demonic
                  | ancestry]
  6679 | D:6      | Reached XP level 9. HP: 38/61 MP: 10/13
  7142 | D:3      | Killed pista233's ghost
  7143 | D:3      | Reached skill level 5 in Armour
  7148 | D:3      | Killed duchin's ghost
  7149 | D:3      | Reached skill level 5 in Shields
  7149 | D:3      | Reached skill level 6 in Invocations
  7153 | D:3      | Killed Infernotoast's ghost
  7155 | D:3      | Killed hitsuchi's ghost
  7159 | D:3      | Killed crompyre's ghost
  7763 | D:7      | Reached skill level 5 in Long Blades
  7779 | D:7      | Reached skill level 5 in Evocations
  8067 | D:7      | Reached XP level 10. HP: 65/68 MP: 15/15
  8073 | D:7      | Found Intuhoas's Antique Armour Boutique.
  8096 | D:7      | Bought a topaz-studded ring mail for 297 gold pieces
  8096 | D:7      | Identified the +2 ring mail of Inquiry {-Tele rCorr Int+2}
                  | (You bought it in a shop on level 7 of the Dungeon)
  8172 | D:7      | Reached skill level 7 in Invocations
  8985 | D:8      | Reached skill level 5 in Dodging
  9037 | D:8      | Found a broken altar of Ashenzari.
  9434 | D:9      | Noticed a centaur warrior
  9446 | D:9      | Killed a centaur warrior
  9655 | D:9      | Found a transporter.
  9659 | D:9      | Found a transporter.
  9661 | D:9      | Noticed a boulder beetle
  9661 | D:9      | Noticed a stone giant
  9663 | D:9      | Found an opulent altar of Gozag.
  9974 | D:9      | Reached *** piety under Yredelemnul
  9977 | D:9      | Reached skill level 8 in Invocations
 10082 | D:9      | Reached **** piety under Yredelemnul
 10090 | D:9      | Found a staircase to the Orcish Mines.
 10231 | D:9      | Found an ornate altar of the Wu Jian Council.
 10519 | D:10     | Entered Level 10 of the Dungeon
 10605 | D:10     | Reached XP level 11. HP: 33/75 MP: 7/17
 10881 | D:10     | Found an iron altar of Okawaru.
 10901 | D:10     | Identified the +6 hand axe of Collusion {vorpal, Fragile
                  | rPois Int+7}
 11376 | D:11     | Found a staircase to the Lair.
 11435 | D:11     | Noticed a five-headed hydra
 11443 | D:11     | Killed a five-headed hydra
 11676 | D:11     | Noticed a boulder beetle
 11695 | D:11     | Found Gemom's Self-Improvement Boutique.
 11761 | D:11     | Killed a boulder beetle
 12090 | D:12     | Noticed a six-headed hydra
 12091 | D:12     | Reached skill level 9 in Invocations
 12103 | D:12     | Killed a six-headed hydra
 12139 | D:12     | Noticed a sea snake
 12144 | D:12     | HP: 1/76 [poisoned by a sea snake]
 12146 | D:12     | Killed a sea snake
 12222 | D:12     | Noticed a centaur warrior
 12231 | D:12     | Killed a centaur warrior
 12252 | D:12     | Noticed a two-headed ogre
 12253 | D:12     | Noticed a death knight
 12253 | D:12     | Noticed a two-headed ogre
 12255 | D:12     | Gained mutation: A weak demonic guardian rushes to your
                  | aid. [demonic ancestry]
 12255 | D:12     | Reached XP level 12. HP: 26/82 MP: 7/19
 12255 | D:12     | Killed a two-headed ogre
 12269 | D:12     | Killed a two-headed ogre
 12282 | D:12     | HP: 4/82 [death knight/+0 great sword (12)]
 12292 | D:12     | Killed a death knight
 12466 | D:12     | Noticed a two-headed ogre
 12467 | D:12     | Noticed Josephine
 12509 | D:12     | Killed Josephine
 12528 | D:12     | Your ally Josephine died
 12533 | D:12     | Killed a two-headed ogre
 12534 | D:12     | Reached skill level 10 in Invocations
 12715 | D:12     | Noticed a boulder beetle
 12744 | D:12     | Killed a boulder beetle
 12914 | D:12     | Noticed a death knight
 12926 | D:12     | Killed a death knight
 13353 | D:13     | Noticed a centaur warrior
 13371 | D:13     | Killed a centaur warrior
 13671 | D:13     | Noticed a four-headed hydra
 13685 | D:13     | Killed a four-headed hydra
 13761 | D:13     | Noticed a tengu warrior
 13769 | D:13     | Killed a tengu warrior
 13814 | D:13     | Reached XP level 13. HP: 76/90 MP: 17/20
 14193 | D:15     | Entered Level 15 of the Dungeon
 14219 | D:15     | HP: 2/90 [wolf spider (5)]
 14330 | D:15     | Found a broken altar of Ashenzari.
 14674 | D:15     | Noticed a fire giant
 14685 | D:15     | Killed a fire giant
 14851 | D:15     | Reached skill level 11 in Invocations
 14858 | D:15     | Reached skill level 10 in Long Blades
 14861 | D:15     | Reached ***** piety under Yredelemnul
 14977 | D:15     | Found a staircase to the Depths.
 15420 | D:14     | Found Okhlotax's Jewellery Shoppe.
 15450 | D:14     | Bought the ring of Mistrust {rF+ rCorr Int+6 SInv} for 660
                  | gold pieces
 15456 | D:14     | Found a shimmering altar of Xom.
 15600 | D:14     | HP: 4/90 [white ugly thing (25)]
 15602 | D:14     | Slain by a white ugly thing

Illustrated notes

Levels and vault maps discovered:
D:1:      matt_arrival_spirals, layout_rooms, roderic_nine_men_s_morris
D:2:      layout_loops_ring, serial_shops, shop,
          shapermc_ecumenical_altar_mp_vishouse
D:3:      layout_loops_ring, gammafunk_ghost_cemetery
D:4:      layout_loops_corners, lemuel_crystal_altar,
          lemuel_coloured_pillars_altar
D:5:      layout_basic, mainiacjoe_overflow_alcove_2, uniq_ijyb
D:6:      layout_loops_corners, temple_pool_b, minmay_manual_mares
D:7:      layout_loops_cross, serial_shops, shop, hangedman_abyss_or_decor_slice
D:8:      layout_basic, mainiacjoe_overflow_big_doors
D:9:      layout_roguey, gammafunk_temple_overflow_arena,
          nzn_wu_jian_contemplation, erik_orc_2
D:10:     layout_cave_pods, okawaru_ov_weapons_minmay, due_unseen_surprise
D:11:     layout_small_grid, dpeg_oklobed_lair, chequers_avenue,
          nicolae_shop_self_help
D:12:     minmay_blocking_statues, layout_loops_corners, uniq_josephine
D:13:     layout_roguey
D:14:     layout_irregular_city, ximxim_vaults_locker_room, xom_teletrap_fun,
          serial_shops, shop, amcnicky_mini_corridor_feature, zin_angel
D:15:     grunt_enter_depths_magical_seal, layout_basic,
          nicolae_ashenzari_skybound
Temple:   zaba_magenta_temple

Skill      XL: |  1  2  3  4  5  6  7  8  9 10 11 12 13 |
---------------+----------------------------------------+-----
Long Blades    | 2 3 4 5 6 8 9 10 | 10.4
Invocations    | 1 2 3 4 5 6 8 9 10 11 | 11.3
Armour         | 3 4 5 6 7 8 |  8.6
Evocations     | 1 2 3 4 5 6 7 8 |  8.8
Shields        | 3 4 5 6 7 8 |  8.5
Dodging        | 1 2 3 4 5 6 7 8 |  8.0
Fighting       | 4 5 6 7 8 9 |  9.5

Action                   |  1- 3 |  4- 6 |  7- 9 | 10-12 | 13-15 || total
-------------------------+-------+-------+-------+-------+-------++-------
Melee: Long sword        |   134 |    17 |       |   519 |   159 ||   829
       Rapier            |       |   117 |   268 |     2 |       ||   387
       Falchion          |       |       |       |    72 |       ||    72
Invok: Recall Undead Har |       |       |       |     4 |       ||     4
       Drain Life        |       |       |       |     1 |       ||     1
       Dark Bargain      |       |       |       |     1 |       ||     1
       Bind Soul         |       |       |       |       |     1 ||     1
Evoke: Wand              |       |       |     1 |    10 |    27 ||    38
  Use: Potion            |     2 |     3 |     9 |     5 |     5 ||    24
       Scroll            |       |     9 |     3 |    10 |     6 ||    28
 Stab: Sleeping          |       |     1 |     1 |     1 |       ||     3
       Distracted        |       |       |     2 |     7 |     6 ||    15
Armor: Scale mail        |    98 |    50 |   158 |    59 |   116 ||   481
       Ring mail         |       |       |       |   172 |       ||   172
Dodge: Dodged            |    97 |    71 |   147 |   415 |   200 ||   930
       Repelled          |       |       |       |       |     2 ||     2
Block: Buckler           |    50 |    34 |    77 |   214 |    79 ||   454
